 Dungeon Crawl Stone Soup version 0.20.1-1-g8b1a95d (webtiles) character file.

2534 raph the Carver (level 9, -4/79 HPs)
             Began as a Minotaur Monk on Dec 21, 2017.
             Was a Priest of Yredelemnul.
             Killed from afar by Erica (23 damage)
             ... with an orb of energy
             ... on level 8 of the Dungeon.
             The game lasted 00:16:36 (7223 turns).

raph the Carver (Minotaur Monk)                     Turns: 7223, Time: 00:16:37

Health: -4/79      AC: 13    Str: 16    XL:     9   Next: 30%
Magic:  11/11      EV: 10    Int:  7    God:    Yredelemnul [***...]
Gold:   453        SH:  8    Dex: 16    Spells: 8/8 levels left

rFire    + . .     SeeInvis .   b - +0 scimitar (elec)
rCold    . . .     Gourm    .   o - +3 buckler
rNeg     . . .     Faith    .   E - +3 chain mail {rF+}
rPois    +         Spirit   .   (helmet restricted)
rElec    .         Reflect  .   (no cloak)
rCorr    .         Harm     .   (no gloves)
MR       +....                  f - +0 pair of boots
Stlth    ..........             (no amulet)
Regen    0.3/turn               m - ring of protection from magic
MPRegen  0.2/turn               w - ring of poison resistance

@: hasted and slowed
A: retaliatory headbutt, horns 2
a: Recall Undead Slaves, Injury Mirror, Animate Dead, Renounce Religion


You were on level 8 of the Dungeon.
You worshipped Yredelemnul.
Yredelemnul was most pleased with you.
You were not hungry.

You visited 1 branch of the dungeon, and saw 8 of its levels.

You collected 453 gold pieces.

Inventory:

Hand Weapons
 a - a +0 falchion
 b - a +0 scimitar of electrocution (weapon)
 y - a +0 long sword
Missiles
 s - 7 tomahawks (quivered)
Armour
 f - a +0 pair of boots (worn)
 o - a +3 buckler (worn)
 E - a +3 chain mail of fire resistance (worn)
Jewellery
 m - a ring of protection from magic (left hand)
 w - a ring of poison resistance (right hand)
 B - the ring of Moodiness {rC+ Stlth+, unknown}
   (You found it on level 6 of the Dungeon)

   [ring of protection from cold]

   It protects you from cold.
   It makes you more stealthy.
Wands
 e - a wand of confusion (17/48)
 z - a wand of random effects (17/48)
 D - a wand of random effects (17/48)
 G - a wand of scattershot (6/9)
Scrolls
 g - 2 scrolls of teleportation
 j - a scroll of amnesia
 r - 3 scrolls of identify
 v - 3 scrolls of remove curse
Potions
 d - a potion of mutation
 i - a potion of agility
 l - 2 potions of might
 n - 2 potions of brilliance
 q - 3 potions of haste
 u - 2 potions of lignification
 x - 3 potions of curing
 A - 2 potions of resistance {unknown}
Comestibles
 c - 4 bread rations
 h - 7 fruits
 t - a meat ration
 C - 3 chunks of flesh


   Skills:
 + Level 7.0 Fighting
 * Level 9.3 Long Blades
 + Level 4.8 Armour
 + Level 6.2 Dodging
 - Level 1.5 Stealth
 + Level 4.8 Shields
 + Level 4.6 Invocations


You had 8 spell levels left.
You didn't know any spells.

Dungeon Overview and Level Annotations

Branches:
Dungeon (8/15)             Temple (0/1) D:6
   Lair: D:8-11

Altars:
Gozag
Kikubaaqudgha
Makhleb
Nemelex Xobeh
Yredelemnul
The Shining One

Annotations:
D:8 Erica


Innate Abilities, Weirdness & Mutations

You reflexively headbutt those who attack you in melee.
You have a pair of horns on your head.


Message History

* * * LOW HITPOINT WARNING * * *
You completely miss something. You headbutt something.
Something hits you but does no damage.
You miss something. Your headbutt misses something.
You hear some strange, mumbled words.
Something tries to affect you, but you resist.
You feel yourself speed up.
You feel sick.
You are no longer poisoned.
Something hits you but does no damage. Something hits you.
* * * LOW HITPOINT WARNING * * *
You slash something!
Your chain mail prevents you from hitting something.
Something hits you but does no damage.
You hit something but do no damage. Something hits you but does no damage.
You barely miss something. Your headbutt misses something.
You hear some strange, mumbled words.
An orb of energy appears from out of thin air!
The orb of energy hits you!
You die...
Your body rises from the dead as a mindless zombie.

#..#.#....##....#
#...(####.......#
####.####
...###...# #....#
##.# #####
####.####.##.#
#...#..[.##.
#.###§####
#.#§§{# #.###@#
#.# #§# #.#
#§####### #.#
#.......#
#.#########.#
#.........Z.#
#############


There were no monsters in sight!

Vanquished Creatures
  Pikel (D:7)
  Edmund (D:5)
  A water moccasin (D:6)
  2 sky beasts
  A phantom (D:6)
  2 centaurs
  2 bullfrogs
  Dowan (D:7)
  A scorpion (D:7)
  2 howler monkeys
  2 jellies
  3 crimson imps
  3 hounds
  2 orc wizards
  A bullfrog skeleton (D:5)
  A bullfrog zombie (D:8)
  An orc priest (D:7)
  A centaur skeleton (D:8)
  4 worker ants
  A hound skeleton (D:7)
  11 adders
  2 gnolls (D:6)
  A howler monkey skeleton (D:6)
  A shadow imp (D:8)
  7 oozes (D:3)
  2 adder zombies
  2 worms
  A dart slug (D:3)
  3 leopard geckos
  17 orcs
  6 giant cockroaches
  10 hobgoblins
  A jackal (D:2)
  13 kobolds
  A quokka (D:3)
  4 ball pythons
  5 bats
  7 frilled lizards
  6 goblins
  A jackal skeleton (D:5)
  A quokka skeleton (D:5)
  4 rats
139 creatures vanquished.

Vanquished Creatures (collateral kills)
  Duvessa (D:7)
  An orc warrior (D:7)
  A centaur (D:6)
  A bullfrog (D:8)
  A hound (D:3)
  An orc priest (D:7)
  A jelly (D:3)
  A worker ant (D:6)
  A gnoll (D:6)
  2 oozes (D:3)
  A bat (D:3)
  A quokka (D:3)
  2 kobolds (D:3)
15 creatures vanquished.

Vanquished Creatures (others)
  A slave (D:7)
  A wight (D:8)
  An orc priest (D:7)
  A howler monkey skeleton (D:8)
  An orc (D:7)
  A gnoll zombie (D:6)
  A hobgoblin (D:2)
  A goblin zombie (D:3)
  A hobgoblin zombie (D:3)
  6 kobold zombies
  2 orc zombies
  A quokka zombie (D:3)
  A fungus (D:3)
  7 toadstools (D:3)
26 creatures vanquished.

Grand Total: 180 creatures vanquished

Notes
Turn   | Place    | Note
-------+----------+-------------------------------------------
     0 | D:1      | raph the Minotaur Monk began the quest for the Orb.
     0 | D:1      | Reached XP level 1. HP: 19/19 MP: 0/0
   312 | D:1      | You fall through a shaft!
   317 | D:2      | Reached skill level 4 in Long Blades
   317 | D:2      | Reached XP level 2. HP: 25/27 MP: 1/1
   938 | D:2      | Reached XP level 3. HP: 23/33 MP: 2/2
  1167 | D:2      | Found an opulent altar of Gozag.
  1322 | D:2      | Found a glowing golden altar of the Shining One.
  1322 | D:2      | Found a basalt altar of Yredelemnul.
  1348 | D:2      | Noticed an angel
  1356 | D:2      | Noticed a profane servitor
  1754 | D:2      | Became a worshipper of Yredelemnul the Dark
  1754 | D:2      | Reached * piety under Yredelemnul
  1754 | D:2      | Reached ** piety under Yredelemnul
  1933 | D:2      | Reached skill level 5 in Long Blades
  1994 | D:2      | Reached XP level 4. HP: 40/40 MP: 3/3
  2544 | D:3      | Reached skill level 1 in Invocations
  2552 | D:3      | Reached XP level 5. HP: 24/47 MP: 3/5
  2847 | D:3      | Reached *** piety under Yredelemnul
  3134 | D:2      | Reached skill level 5 in Fighting
  3134 | D:2      | Reached skill level 6 in Long Blades
  3134 | D:2      | Reached XP level 6. HP: 10/56 MP: 6/6
  3835 | D:4      | Found a sparkling altar of Nemelex Xobeh.
  4176 | D:4      | Reached skill level 1 in Shields
  4345 | D:4      | Reached skill level 1 in Armour
  4548 | D:5      | Entered Level 5 of the Dungeon
  4548 | D:5      | Noticed a sky beast
  4558 | D:5      | Killed a sky beast
  4558 | D:5      | Reached XP level 7. HP: 61/61 MP: 7/7
  4878 | D:5      | Noticed Edmund
  4897 | D:5      | Killed Edmund
  4897 | D:5      | Reached skill level 7 in Long Blades
  4897 | D:5      | Reached skill level 5 in Dodging
  5144 | D:5      | You fall through a shaft for 2 floors!
  5254 | D:6      | Reached XP level 8. HP: 67/70 MP: 9/9
  5478 | D:6      | Found a staircase to the Ecumenical Temple.
  5510 | D:6      | Found a burning altar of Makhleb.
  5560 | D:6      | Got a crude marble ring
  5592 | D:6      | Received a gift from Yredelemnul (a wight)
  5623 | D:6      | Reached skill level 8 in Long Blades
  6344 | D:7      | Reached **** piety under Yredelemnul
  6630 | D:7      | Noticed Pikel
  6644 | D:7      | Killed Pikel
  6644 | D:7      | Reached skill level 9 in Long Blades
  6644 | D:7      | Reached XP level 9. HP: 52/78 MP: 11/11
  6807 | D:7      | Noticed Duvessa
  6808 | D:7      | Noticed Dowan
  6810 | D:7      | Found an ancient bone altar of Kikubaaqudgha.
  6814 | D:7      | Killed Duvessa
  6815 | D:7      | Killed Dowan
  7188 | D:8      | Noticed Erica
  7223 | D:8      | Killed from afar by Erica

Skill      XL: |  1  2  3  4  5  6  7  8  9 |
---------------+----------------------------+-----
Long Blades    | 4 5 6 7 9 |  9.3
Fighting       | 4 5 6 7 |  7.0
Invocations    | 1 2 3 4 |  4.6
Dodging        | 4 5 6 |  6.2
Shields        | 1 3 4 |  4.8
Armour         | 1 3 4 |  4.8
Stealth        | |  1.5

Action                   |  1- 3 |  4- 6 |  7- 9 || total
-------------------------+-------+-------+-------++-------
Melee: Falchion          |    67 |   129 |    39 ||   235
       Headbutt          |    13 |    35 |    46 ||    94
       Long sword        |       |       |   149 ||   149
       Scimitar          |       |       |    40 ||    40
Invok: Animate Remains   |     2 |    10 |       ||    12
       Animate Dead      |       |     3 |    10 ||    13
       Injury Mirror     |       |       |     2 ||     2
       Recall Undead Sla |       |       |     1 ||     1
  Use: Scroll            |     2 |    12 |     4 ||    18
       Potion            |       |       |     2 ||     2
 Stab: Sleeping          |     1 |     1 |       ||     2
       Distracted        |       |       |     2 ||     2
  Eat: Chunk             |     2 |    11 |    10 ||    23
       Royal jelly       |     1 |       |     1 ||     2
       Fruit             |       |     1 |       ||     1
Armor: Ring mail         |    22 |    49 |    35 ||   106
       Chain mail        |       |       |    39 ||    39
Dodge: Dodged            |    48 |   110 |   101 ||   259
Block: Buckler           |       |    12 |    74 ||    86
       Rpst.: Falchion   |    14 |    31 |     7 ||    52
       Long sword        |       |       |    17 ||    17
       Scimitar          |       |       |     3 ||     3
